 Dungeon Crawl Stone Soup version 0.28-a0-1213-g0243856f03 (webtiles) character file.

Game seed: 8267175337628807544

70 oldriver the Skirmisher (level 4, -1/61 HPs)
             Began as a Minotaur Berserker on Dec 21, 2021.
             Was a Believer of Trog.
             Slain by Crazy Yiuf (17 damage)
             ... on level 2 of the Dungeon.
             The game lasted 00:01:27 (2331 turns).

oldriver the Skirmisher (Minotaur Berserker)        Turns: 2331, Time: 00:01:27

Health: -1/61      AC:  2    Str: 22    XL:     4   Next: 4%
Magic:  0/3        EV: 12    Int:  4    God:    Trog [**....]
Gold:   48         SH:  0    Dex: 11    Spells: 3/3 levels left

rFire   . . .      SeeInvis .   a - +0 hand axe
rCold   . . .      Faith    .   (no shield)
rNeg    . . .      Spirit   .   b - +0 animal skin
rPois   .          Reflect  .   (helmet restricted)
rElec   .          Harm     .   (no cloak)
rCorr   .          Rampage  .   (no gloves)
Will    .....                   (no boots)
Stlth   ..........              (no amulet)
HPRegen 0.20/turn               (no ring)
MPRegen 0.08/turn               (no ring)

@: berserking, very quick
A: horns 2, retaliatory headbutt
a: Renounce Religion, Berserk, Trog's Hand


You were on level 2 of the Dungeon.
You worshipped Trog.
Trog was pleased with you.
You visited 1 branch of the dungeon, and saw 2 of its levels.

You collected 48 gold pieces.

Inventory:

Hand Weapons
 a - a +0 hand axe (weapon)
Armour
 b - a +0 animal skin (worn)
Jewellery
 m - a ring of willpower
Scrolls
 d - a scroll of magic mapping {unknown}
 e - a scroll of immolation {unknown}
 f - a scroll of vulnerability {unknown}
 g - a scroll of amnesia {unknown}
 h - a scroll of noise {unknown}
 i - a scroll of identify {unknown}
Potions
 c - 4 potions of curing {unknown}
 j - a potion of attraction {unknown}
 k - a potion of mutation {unknown}
 l - 2 potions of haste {unknown}


   Skills:
 * Level 4.8 Fighting
 * Level 4.8 Axes
 + Level 2.5 Armour
 + Level 2.5 Dodging


You had 3 spell levels left.
You didn't know any spells.
Your spell library was empty.

Dungeon Overview and Level Annotations

Branches:
Dungeon (2/15)

Altars:

Annotations:
D:2 Crazy Yiuf


Innate Abilities, Weirdness & Mutations

You have a pair of horns on your head.
You reflexively headbutt those who attack you in melee.


Message History

No target in view!
You now have 48 gold pieces (gained 8).
Found a mace.
Found a runed translucent door.
Crazy Yiuf whimpers, "Scoff action blue!"
l - 2 cyan potions
m - a ring of willpower Key pressed, stopping explore.
No target in view!
No target in view!
No target in view!
No target in view!
No target in view!
No target in view!
No target in view!
Crazy Yiuf shouts!
Crazy Yiuf yells, "Defame!
Blight unthinkable disdain."
Could not explore, unopened runed door.
Could not explore, unopened runed door.
Could not explore, unopened runed door.
Could not explore, unopened runed door.
No reachable target in view!
You open the door.
Crazy Yiuf drinks a potion.
Crazy Yiuf goes berserk!
There is an open translucent door here.
You hit Crazy Yiuf. Your headbutt misses Crazy Yiuf.
Crazy Yiuf is lightly wounded.
Crazy Yiuf completely misses you. Crazy Yiuf barely misses you.
You barely miss Crazy Yiuf.
Crazy Yiuf is lightly wounded.
Crazy Yiuf hits you with a +3 quarterstaff of chaos!
You feel your power leaking away.
You completely miss Crazy Yiuf. Your headbutt misses Crazy Yiuf.
Crazy Yiuf is lightly wounded.
Crazy Yiuf misses you.
Crazy Yiuf hits you with a +3 quarterstaff of chaos!
* * * LOW HITPOINT WARNING * * *
A red film seems to cover your vision as you go berserk!
You feel yourself moving faster!
You feel mighty!
Crazy Yiuf hits you with a +3 quarterstaff of chaos!
You die...

........#......#..#........##.#
#
######..#.#..#..........##.##.#
# ##..#.#.......#.....##.##.#
#..################.......#
#.## ####.#### #.###♣♣♣♣♣
#....### #.#....♣.♣♣♣ ####
#####...... #.......♣..♣#...#
#.....#.##. #......♣♣♣♣.@g..#
#.###.#.##. ##....♣♣ ♣♣#..)#
#.# #...##. ####♣♣ ####
#.###.####. #.....###..
###.#...... ### #.###..≈≈ #.#
#.# #.≈≈≈ ####.########
#######.# #.≈≈≈ #........<..#
#.....#.# #.≈≈≈


You could see Crazy Yiuf (berserk).

Vanquished Creatures
  An adder (D:2)
  A worm (D:2)
  2 dart slugs (D:1)
  5 endoplasms
  2 giant cockroaches (D:2)
  6 goblins
  3 hobgoblins
  4 jackals (D:1)
  5 kobolds
  4 quokkas (D:1)
  6 ball pythons
  4 bats
  6 frilled lizards
  4 rats
53 creatures vanquished.

Notes
Turn   | Place    | Note
-------+----------+-------------------------------------------
     0 | D:1      | oldriver the Minotaur Berserker began the quest for the
                  | Orb.
     0 | D:1      | Reached XP level 1. HP: 19/19 MP: 0/0
    59 | D:1      | Found a faded altar of an unknown god.
   381 | D:1      | Reached XP level 2. HP: 25/27 MP: 1/1
   651 | D:1      | Reached ** piety under Trog
   675 | D:1      | Reached XP level 3. HP: 21/33 MP: 2/2
  1993 | D:2      | Reached XP level 4. HP: 33/41 MP: 3/3
  2136 | D:2      | Found a runed translucent door.
  2137 | D:2      | Noticed Crazy Yiuf
  2331 | D:2      | Slain by Crazy Yiuf

Illustrated notes

Levels and vault maps discovered:
D:1:      dpeg_arrival_lava_temple_mockup, layout_basic,
          hellmonk_ecumenical_altar_arch_garden, corexii_corridor_pit
D:2:      layout_loops_cross, minmay_lizard_pond, uniq_crazy_yiuf_cottage

Skill      XL: |  1  2 |
---------------+-------+-----
Axes           | 4 |  4.8
Fighting       | 4 |  4.8
Armour         | |  2.5
Dodging        | |  2.5

Action                   |  1- 3 |  4- 6 || total
-------------------------+-------+-------++-------
Melee: Hand axe          |   124 |     5 ||   129
       Headbutt          |    16 |       ||    16
Invok: Berserk           |       |     1 ||     1
 Stab: Sleeping          |     1 |       ||     1
Armor: Animal skin       |    22 |       ||    22
Dodge: Dodged            |    79 |     4 ||    83

Table legend: (Time is in decaauts)
 A = Elapsed time spent in this place.
 B = Non-inter-level travel time spent in this place.
 C = Inter-level travel time spent in this place.
 D = Time resting spent in this place.
 E = Time spent auto-exploring this place.
 F = Levels seen in this place.
 G = Mean time per level.
                   A        B        C        D        E       F      G
               +--------+--------+--------+--------+--------+-----+--------+
         Total |   2341 |   2341 |      0 |    665 |   1349 |   2 | 1170.5 |
       Dungeon |   2341 |   2341 |      0 |    665 |   1349 |   2 | 1170.5 |
               +--------+--------+--------+--------+--------+-----+--------+

Top non-repeatable levels by time:
     D:1: 1430 daAuts
     D:2: 911 daAuts
